 Zot Defence DCSS version 0.15.2 (webtiles) character file.

2835 hexophile the Reanimator (level 9, -9/38 (62) HPs)
             Began as a Ghoul Necromancer on Jan 27, 2016.
             Was an Initiate of Kikubaaqudgha.
             Mangled by an orc wizard
             ... wielding a +5 dagger of electrocution
              (11 damage)
             ... in the Realm of Zot (Scenario I: Hall of Zot).
             The game lasted 00:03:10 (2072 turns).

hexophile the Reanimator (Ghoul Necromancer)        Turns: 2072, Time: 00:03:10

HP  -9/38 (62)   AC  2     Str 12      XL: 9   Next: 73%
MP  18/21        EV 12     Int 13      God: Kikubaaqudgha [......]
Gold 0           SH  0     Dex  9      Spells:  3 memorised, 12 levels left

rFire  . . .     SeeInvis .     g - +0 hand axe
rCold  + . .     Clarity  .     a - +0 robe
rNeg   + + +     rCorr    .     (no shield)
rPois  +         rRot     +     (no helmet)
rElec  .         Spirit   .     (no cloak)
SustAb .         Warding  .     (no gloves)
rMut   .         Stasis   .     (no boots)
Saprov + + +                    (no amulet)
MR     .....                    (no ring)
                                (no ring)

@: rotting, not resistant to hostile enchantments, unstealthy
A: rotting body, claws 1, carnivore 3, cold resistance 1, negative energy
resistance 3, poison resistance, saprovore 3, slow healing 1, torment
resistance, unbreathing
a: Make oklob sapling, Make arrow trap, Make plant, Remove Curse, Make burning
bush, Make altar, Make grenades, Make oklob plant, Make net trap, Make ice
statue, Renounce Religion


You were in the Realm of Zot.
You worshipped Kikubaaqudgha.
Kikubaaqudgha was noncommittal.
You were not hungry.

You visited 1 branch


Innate Abilities, Weirdness & Mutations

Your body is rotting away.
You have sharp fingernails.
You are carnivorous and can eat meat at any time.
Your flesh is cold resistant.
You are immune to negative energy.
Your system is resistant to poisons.
You thrive on rotten meat.
You heal slowly when monsters are visible.
You are immune to unholy pain and torment.
You can survive without breathing.

Inventory:

Hand weapons
 g - a +0 hand axe (weapon)
 m - a +1 whip of flaming
Armour
 a - a +0 robe (worn)
Scrolls
 h - a scroll of blinking
Potions
 c - 3 potions of curing
 d - a potion of heal wounds
 e - a potion of haste
 f - 2 potions of magic
Books
 b - a book of Necromancy

   Spells                             Type                      Level
   *Pain                              Necromancy                   1
   Animate Skeleton                   Necromancy                   1
   Vampiric Draining                  Necromancy                   3
   *Regeneration                      Charms/Necromancy            3
   *Animate Dead                      Necromancy                   4
   Control Undead                     Necromancy                   4


You had 12 spell levels left.
You knew the following spells:

 Your Spells              Type           Power        Failure   Level  Hunger
a - Pain                  Necr           ###.         1%          1    None
b - Animate Dead          Necr           N/A          8%          4    ####...
c - Regeneration          Chrm/Necr      ##........   12%         3    ###....


   Skills:
 * Level 7.6 Axes
 - Level 2.9 Dodging
 - Level 2.1 Stealth
 - Level 6.0 Spellcasting
 - Level 8.0 Necromancy

Dungeon Overview and Level Annotations

Branches:
    Zot (1/1)

Altars:
Kikubaaqudgha

Vault maps used:
Zot:      zotvault
You       could see a friendly giant newt zombie, a friendly quokka zombie, a
          friendly giant mite zombie and 2 friendly orc zombies.


Message History

Your giant newt zombie closely misses something.
You closely miss something. x2
Your orc zombie completely misses something.
Your orc zombie barely misses something.
Your giant newt zombie closely misses something.
You closely miss something. You barely miss something.
Your orc zombie completely misses something.
Your orc zombie hits something with a club!
You barely miss something. You miss something.
Your giant newt zombie closely misses something.
Your orc zombie closely misses something.
You hit something. You miss something.
Your orc zombie barely misses something.
Your giant newt zombie closely misses something.
You hit something. You miss something.
Your orc zombie closely misses something.
Your giant newt zombie barely misses something.
Your orc zombie hits something with a club.
You closely miss something. You slash something!
Kikubaaqudgha accepts your kill.
Reactivating autopickup.
You feel a bit more experienced. Something hits your orc zombie.
You swap places.
Your orc zombie closely misses something.
Something hits you.
You are electrocuted!
Deactivating autopickup; reactivate with Ctrl-A.
Your orc zombie closely misses something.
Items here: % (( ))) [
Okay, then.
Your orc zombie barely misses something.
You start butchering the elf corpse of Jeyhext.
You continue butchering the corpse.
Your orc zombie closely misses something.
Something hits you.
You stop butchering the corpse.
You are electrocuted!
* * * LOW HITPOINT WARNING * * *
You aren't carrying any food.
You aren't carrying any food.
You aren't carrying any food.
You aren't carrying any food.
Your orc zombie closely misses something.
Your orc zombie hits something but does no damage.
You start butchering the elf corpse of Jeyhext.
You continue butchering the corpse.
Your orc zombie misses something.
Your orc zombie closely misses something.
Something hits you.
You stop butchering the corpse.
* * * LOW HITPOINT WARNING * * *
You are electrocuted!
You die...
Kikubaaqudgha rasps: "You have failed me!
Welcome... oblivion!"

Action                   |  1- 3 |  4- 6 |  7- 9 || total
-------------------------+-------+-------+-------++-------
Melee: Unarmed           |    63 |       |       ||    63
       Halberd           |       |   191 |       ||   191
       Hand axe          |       |       |   226 ||   226
       Whip              |       |       |    57 ||    57
 Cast: Animate Dead      |       |       |     2 ||     2
       Regeneration      |       |       |     1 ||     1
 Abil: Make altar        |       |       |     1 ||     1
  Eat: Chunk             |     1 |       |       ||     1

Notes
Turn   | Place    | Note
--------------------------------------------------------------
     0 | Zot      | hexophile, the Ghoul Necromancer, began the quest for the Orb.
     0 | Zot      | Reached XP level 1. HP: 14/14 MP: 2/2
   902 | Zot      | Noticed Cluawn
   998 | Zot      | Killed Cluawn the wight
   998 | Zot      | Reached skill level 2 in Dodging
   998 | Zot      | Reached skill level 2 in Spellcasting
   998 | Zot      | Reached XP level 2. HP: 18/18 MP: 3/5
   998 | Zot      | Reached XP level 3. HP: 24/24 MP: 3/6
   998 | Zot      | Reached XP level 4. HP: 31/31 MP: 3/7
  1074 | Zot      | Reached XP level 5. HP: 36/36 MP: 9/9
  1124 | Zot      | Reached skill level 3 in Spellcasting
  1124 | Zot      | Reached skill level 5 in Necromancy
  1202 | Zot      | Noticed Pikel
  1262 | Zot      | Reached XP level 6. HP: 43/43 MP: 12/12
  1302 | Zot      | Killed Pikel
  1302 | Zot      | Reached skill level 5 in Spellcasting
  1302 | Zot      | Reached skill level 7 in Necromancy
  1302 | Zot      | Reached XP level 7. HP: 46/46 MP: 12/18
  1302 | Zot      | Reached XP level 8. HP: 53/53 MP: 12/19
  1349 | Zot      | Reached skill level 8 in Necromancy
  1363 | Zot      | Reached skill level 6 in Spellcasting
  1521 | Zot      | Reached skill level 1 in Axes
  1552 | Zot      | Reached skill level 2 in Axes
  1590 | Zot      | Reached skill level 4 in Axes
  1590 | Zot      | Reached XP level 9. HP: 45/45 MP: 21/21
  1642 | Zot      | Reached skill level 5 in Axes
  1648 | Zot      | Became a worshipper of Kikubaaqudgha
  1695 | Zot      | Learned a level 4 spell: Animate Dead
  1699 | Zot      | Learned a level 3 spell: Regeneration
  1996 | Zot      | Reached skill level 6 in Axes
  2033 | Zot      | Reached skill level 7 in Axes
  2072 | Zot      | Mangled by an orc wizard

Table legend:
 A = Turns spent in this place as a percentage of turns spent in the entire game.
 B = Non-inter-level travel turns spent in this place as a percentage of non-inter-level travel turns spent in the entire game.
 C = Inter-level travel turns spent in this place as a percentage of turns spent in this place.
 D = Turns resting spent in this place as a percentage of non-inter-level travel turns spent in this place.
 E = Turns spent auto-exploring this place as a percentage of non-inter-level travel turns spent in this place.
 F = Non-inter-level travel turns spent in this place divided by the number of levels of this place that you've seen.
                   A       B       C       D       E      F
               +-------+-------+-------+-------+-------+----------------------
         Total | 100.0 | 100.0 |   0.0 |   2.0 |   0.0 | 1288.0
           Zot | 100.0 | 100.0 |   0.0 |   2.0 |   0.0 | 1288.0
               +-------+-------+-------+-------+-------+----------------------

Table legend:
 A = Kills in this place as a percentage of kills in entire the game.
 B = Kills by you in this place as a percentage of kills by you in the entire game.
 C = Kills by friends in this place as a percentage of kills by friends in the entire game.
 D = Other kills in this place as a percentage of other kills in the entire game.
 E = Experience gained in this place as a percentage of experience gained in the entire game.
 F = Experience gained in this place divided by the number of levels of this place that you have seen.
                   A       B       C       D       E      F
               +-------+-------+-------+-------+-------+----------------------
         Total | 100.0 | 100.0 |  -nan |  -nan | 100.0 | 4050.0
           Zot | 100.0 | 100.0 |  -nan |  -nan | 100.0 | 4050.0
               +-------+-------+-------+-------+-------+----------------------

Vanquished Creatures
  Pikel (Zot)
  A slime creature (Zot)
  A deep elf fighter (Zot)
  A vampire mosquito (Zot)
  A centaur (Zot)
  A vampire mosquito zombie (Zot)
  A wight (Zot)
  3 hounds (Zot)
  3 orc wizards (Zot)
  A big kobold zombie (Zot)
  A worker ant (Zot)
  A hound skeleton (Zot)
  3 adders (Zot)
  A gnoll (Zot)
  A giant mite (Zot)
  A shadow imp (Zot)
  An adder zombie (Zot)
  An ooze (Zot)
  2 orcs (Zot)
  A ball python (Zot)
  4 bats (Zot)
  A bat skeleton (Zot)
  2 bat zombies (Zot)
  A hobgoblin (Zot)
  A kobold (Zot)
  2 giant newts (Zot)
  3 goblins (Zot)
  A goblin skeleton (Zot)
  3 orc zombies (Zot)
  A quokka (Zot)
  2 rats (Zot)
  A rat zombie (Zot)
  A butterfly (Zot)
50 creatures vanquished.
